 Dungeon Crawl Stone Soup version 0.30.0-29-ga12c61a403 (webtiles) character file.

Game seed: 7522647352518040012

1103 qw the Cleaver (level 8, -6/49 HPs)
             Began as a Gargoyle Fighter on June 2, 2023.
             Was an Initiate of Okawaru.
             Mangled by an ogre
             ... wielding a +0 giant club
              (18 damage)
             ... on level 5 of the Dungeon.
             The game lasted 00:02:43 (5172 turns).

qw the Cleaver (Gargoyle Fighter)                   Turns: 5172, Time: 00:02:43

Health: -6/49      AC: 17    Str: 22    XL:     8   Next: 32%
Magic:  8/8        EV:  8    Int:  9    God:    Okawaru [......]
Gold:   190        SH:  5    Dex: 15    Spells: 7/7 levels left

rFire   . . .        Y - +0 broad axe
rCold   + . .        c - +0 buckler
rNeg    + . .        m - +0 chain mail
rPois   inf          n - +0 helmet
rElec   +            (no cloak)
rCorr   .            a - +0 pair of gloves {Stlth+}
SInv    .            (no boots)
Will    .....        (no amulet) Stlth
                     p - ring of protection from cold
HPRegen 0.28/turn    l - +6 ring of dexterity
MPRegen 0.11/turn

%: no passive effects
@: about to teleport
A: sickness immunity, AC +5, negative energy resistance 1, electricity
resistance, torment resistance 1, petrification resistance
a: Renounce Religion


You were on level 5 of the Dungeon.
You worshipped Okawaru.
Okawaru was noncommittal.
You visited 2 branches of the dungeon, and saw 7 of its levels.

You collected 257 gold pieces.
You spent 67 gold pieces at shops.


Innate Abilities, Weirdness & Mutations

You are immune to sickness and miasma.
Your stone body is resilient. (AC +5)
You are immune to poison.
You resist negative energy. (rN+)
You are resistant to electric shocks. (rElec)
You are resistant to unholy torment.
You are immune to petrification.


   Skills:
 - Level 5.1 Fighting
 - Level 8.0 Axes
 + Level 3.2 Armour
 - Level 1.6 Dodging
 - Level 3.2 Shields


You had 7 spell levels left.
You didn't know any spells.
Your spell library was empty.

Inventory:

Hand Weapons
 b - a +0 heavy flail
 Y - a +0 broad axe (weapon)
Armour
 a - a +0 pair of gloves of stealth (worn)
 c - a +0 buckler (worn)
 m - a +0 chain mail (worn)
 n - a +0 helmet (worn)
Jewellery
 l - a +6 ring of dexterity (right hand)
 p - a ring of protection from cold (left hand)
 t - a ring of willpower
Scrolls
 j - 4 scrolls of teleportation
 r - a scroll of identify
Potions
 d - 2 potions of might
 e - a potion of haste
 g - a potion of degeneration {unknown}
 h - a potion of invisibility {unknown}
 i - a potion of cancellation {unknown}
 k - a potion of mutation {unknown}
 o - a potion of heal wounds {unknown}
 q - a potion of curing {unknown}

Dungeon Overview and Level Annotations

Branches:
Dungeon (6/15)             Temple (1/1) D:5

Altars:
Dithmenos
Elyvilon
Gozag
Hepliaklqana
Kikubaaqudgha
Makhleb
Nemelex Xobeh
Okawaru
Ru
Sif Muna
Trog
Vehumet
Wu Jian
Xom
Yredelemnul
Zin
The Shining One

Shops:
D:1 *   D:5 *


Message History

Enter note:
Enter note:
Enter note:
Enter note:
Enter note:
Enter note:
Enter note:
Enter note:
Enter note:
Enter note:
Enter note:
Enter note:
Enter note:
Enter note: You start resting.
You are starting to lose your buoyancy.
You float gracefully downwards.
HP restored.
Done exploring.
(D) Dungeon (T) Temple
Where to? (* - list waypoints, Enter - D:6, ? - help)
What level of the Dungeon? (default 1, ? - help)
You climb downwards.
The ogre hits you with a +0 giant club!
There is a stone staircase leading up here.
5167 ||| STAIRDANCE The ogre hits you with a +0 giant club!!
You climb upwards.
There is a stone staircase leading down here.
You closely miss the ogre. The ogre hits you with a +0 giant club.
You slash the ogre!
The ogre is heavily wounded.
The ogre hits you with a +0 giant club!
5171 ||| READING 5 scrolls of teleportation.
As you read the scroll of teleportation, it crumbles to dust.
You feel strangely unstable.
You slash the ogre!
The ogre is severely wounded.
The ogre hits you with a +0 giant club!!
You die...

.#......#..#####....#
#.# ####'#.##..#
###### #.#
.##..##....# #.#
...........#
#######.#
...........#
#.....^.#
##.......###
#.#######
#.......##########.#
#.............O.##.#
#..........)...@##.#
#.......>..).......#
#.......#####.######
#.......# #.#
######### #.# #####
#.###### ....#
#......# ....#
######.# ....# #.#


You could see an ogre.

Vanquished Creatures
  A water moccasin (D:6)
  2 centaurs (D:5)
  A kobold brigand (D:5)
  2 phantoms (D:5)
  Blork the orc (D:4)
  2 scorpions
  2 jellies
  A gnoll bouda (D:6)
  An iguana (D:4)
  2 sleepcaps
  2 orc wizards (D:4)
  4 gnolls (D:6)
  6 adders
  2 white imps (D:5)
  A worm (D:4)
  A dart slug (D:1)
  8 orcs
  An endoplasm (D:1)
  3 giant cockroaches
  12 hobgoblins
  12 jackals
  12 kobolds
  7 quokkas
  4 ball pythons
  4 bats
  9 frilled lizards (D:3)
  10 goblins
  3 goblin skeletons (D:5)
  2 hobgoblin zombies (D:5)
  A kobold skeleton (D:5)
  A kobold zombie (D:5)
  3 orc zombies (D:5)
  15 rats
138 creatures vanquished.

Notes
Turn   | Place    | Note
-------+----------+-------------------------------------------
     0 | D:1      | qw the Gargoyle Fighter began the quest for the Orb.
     0 | D:1      | Reached XP level 1. HP: 14/14 MP: 1/1
     0 | D:1      | 0 ||| qw: Version: 0.2-a-102-gdf20003
     0 | D:1      | 0 ||| qw: Game counter: 926
     0 | D:1      | 0 ||| qw: Always use a shield: true
     0 | D:1      | 0 ||| qw: God list: Okawaru
     0 | D:1      | 0 ||| qw: Allow faded altars: false
     0 | D:1      | 0 ||| qw: Do Orc after D:15 true
     0 | D:1      | 0 ||| qw: Do second Lair branch before Depths: true
     0 | D:1      | 0 ||| qw: Lair rune preference: random
     0 | D:1      | 0 ||| qw: Plans: Normal, Zot:1-4, Slime:5, God:TSO, Crypt,
                  | Tomb, Pan, Hells, Abyss, Win
     0 | D:1      | 0 ||| PLANNING D:1-11
     8 | D:1      | 8 ||| Stepping ~*~*~tactically~*~*~ (hiding).
    18 | D:1      | Reached skill level 2 in Axes
    52 | D:1      | 52 ||| Stepping ~*~*~tactically~*~*~ (stealth).
    65 | D:1      | Reached XP level 2. HP: 19/19 MP: 2/2
   258 | D:1      | Found Levatis's Assorted Antiques.
   264 | D:1      | 264 ||| BUYING dark potion (25 gold).
   264 | D:1      | Bought a dark potion for 25 gold pieces
   264 | D:1      | 264 ||| SHOPLISTING scroll labelled RESEKL PAGET (28 gold,
                  | have 17).
   264 | D:1      | 264 ||| SHOPLISTING shiny ring mail (196 gold, have 17).
   417 | D:1      | Reached skill level 3 in Axes
   478 | D:1      | Reached XP level 3. HP: 23/23 MP: 3/3
   491 | D:1      | 491 ||| Stepping ~*~*~tactically~*~*~ (stealth).
   587 | D:1      | 587 ||| DROPPING +0 club.
   769 | D:1      | 769 ||| READING scroll labelled RESEKL PAGET.
   770 | D:1      | 770 ||| READING 2 scrolls labelled GATHOC BYMAKH.
   890 | D:2      | 890 ||| Stepping ~*~*~tactically~*~*~ (hiding).
   892 | D:2      | 892 ||| Stepping ~*~*~tactically~*~*~ (hiding).
  1186 | D:2      | 1186 ||| Stepping ~*~*~tactically~*~*~ (stealth).
  1355 | D:2      | Reached XP level 4. HP: 9/28 MP: 4/4
  1441 | D:2      | Reached skill level 4 in Axes
  1691 | D:2      | 1691 ||| UPGRADING to +0 chain mail.
  1701 | D:2      | 1701 ||| DROPPING +0 scale mail.
  1702 | D:2      | 1702 ||| UPGRADING to ring of willpower.
  1703 | D:2      | 1703 ||| UPGRADING to ring of willpower.
  1704 | D:2      | 1704 ||| READING scroll labelled XUOMAG ZOHOOWK.
  1705 | D:2      | 1705 ||| READING scroll labelled BICLURPH FIRCH.
  1706 | D:2      | 1706 ||| READING scroll labelled KOYB ACRAECYA.
  1707 | D:2      | 1707 ||| READING scroll labelled ZOZIOM AMID.
  1900 | D:3      | 1900 ||| FLEEEEING.
  1970 | D:3      | Found a white marble altar of Elyvilon.
  2103 | D:3      | Found an ancient bone altar of Kikubaaqudgha.
  2160 | D:3      | 2160 ||| DROPPING +0 whip.
  2166 | D:3      | 2166 ||| Stepping ~*~*~tactically~*~*~ (hiding).
  2187 | D:3      | 2187 ||| DROPPING +0 antimagic whip.
  2194 | D:3      | 2194 ||| READING scroll of enchant weapon.
  2194 | D:3      | 2194 ||| ENCHANTING +1 war axe.
  2443 | D:3      | Reached XP level 5. HP: 32/32 MP: 5/5
  2456 | D:3      | 2456 ||| UPGRADING to +6 ring of dexterity.
  2458 | D:3      | 2458 ||| DROPPING ring of willpower.
  2459 | D:3      | 2459 ||| READING scroll labelled SIWNEU XESEDIWN.
  2459 | D:3      | Identified a scroll of acquirement
  2459 | D:3      | 2459 ||| ACQUIRING +0 pair of gloves of stealth
  2459 | D:3      | Acquired a +0 pair of gloves of stealth
  2461 | D:3      | 2461 ||| UPGRADING to +0 pair of gloves of stealth.
  2466 | D:3      | 2466 ||| READING scroll labelled DIGIOGHEQULE.
  2510 | D:4      | 2510 ||| STAIRDANCE
  2514 | D:3      | Reached skill level 1 in Dodging
  2617 | D:4      | 2617 ||| Stepping ~*~*~tactically~*~*~ (hiding).
  2620 | D:4      | 2620 ||| Stepping ~*~*~tactically~*~*~ (hiding).
  2627 | D:4      | Reached skill level 5 in Axes
  2627 | D:4      | Reached XP level 6. HP: 36/37 MP: 6/6
  2717 | D:4      | 2717 ||| Stepping ~*~*~tactically~*~*~ (stealth).
  2721 | D:4      | 2721 ||| Stepping ~*~*~tactically~*~*~ (stealth).
  2725 | D:4      | 2725 ||| Stepping ~*~*~tactically~*~*~ (stealth).
  2777 | D:4      | 2777 ||| Stepping ~*~*~tactically~*~*~ (stealth).
  2778 | D:4      | 2778 ||| Stepping ~*~*~tactically~*~*~ (stealth).
  2791 | D:4      | 2791 ||| Stepping ~*~*~tactically~*~*~ (stealth).
  2796 | D:4      | 2796 ||| Stepping ~*~*~tactically~*~*~ (stealth).
  2797 | D:4      | 2797 ||| Stepping ~*~*~tactically~*~*~ (stealth).
  2799 | D:4      | 2799 ||| Stepping ~*~*~tactically~*~*~ (stealth).
  2806 | D:4      | 2806 ||| Stepping ~*~*~tactically~*~*~ (stealth).
  2967 | D:4      | 2967 ||| Stepping ~*~*~tactically~*~*~ (stealth).
  3273 | D:4      | Found a radiant altar of Vehumet.
  3314 | D:4      | Identified the +3 spear of Iwona {elec, Will+ Str+4}
  3331 | D:4      | Noticed Blork the orc
  3339 | D:4      | Killed Blork the orc
  3373 | D:4      | 3373 ||| SWAPPING to +0 broad axe.
  3374 | D:4      | 3374 ||| DROPPING +2 war axe.
  3377 | D:4      | Found a sparkling altar of Nemelex Xobeh.
  3632 | D:4      | 3632 ||| UPGRADING to +0 helmet.
  3637 | D:4      | 3637 ||| UPGRADING to ring of protection from cold.
  3639 | D:4      | 3639 ||| READING scroll labelled REMAAD HUD HOH.
  3640 | D:4      | 3640 ||| READING 2 scrolls of identify.
  3640 | D:4      | 3640 ||| IDENTIFYING amethyst potion
  3641 | D:4      | 3641 ||| DROPPING potion of brilliance.
  3670 | D:5      | Entered Level 5 of the Dungeon
  3689 | D:5      | Found a glowing golden altar of the Shining One.
  3690 | D:5      | 3690 ||| Stepping ~*~*~tactically~*~*~ (hiding).
  3703 | D:5      | Reached XP level 7. HP: 36/44 MP: 7/7
  3740 | D:5      | Reached skill level 6 in Axes
  3873 | D:5      | Found a staircase to the Ecumenical Temple.
  3874 | D:5      | 3874 ||| PLANNING TEMPLE
  3881 | Temple   | Entered the Ecumenical Temple
  3966 | Temple   | 3966 ||| PLANNING OKAWARU WORSHIP
  4040 | Temple   | Became a worshipper of Warmaster Okawaru
  4040 | Temple   | 4040 ||| PLANNING D:1-11
  4229 | D:5      | Found Cilup's General Store.
  4239 | D:5      | Reached skill level 7 in Axes
  4252 | D:5      | 4252 ||| BUYING scroll of teleportation (42 gold).
  4252 | D:5      | Bought a scroll of teleportation for 42 gold pieces
  4292 | D:5      | Found a bloodstained altar of Trog.
  4597 | D:5      | 4597 ||| DROPPING +0 flail.
  4601 | D:5      | 4601 ||| Stepping ~*~*~tactically~*~*~ (hiding).
  4634 | D:5      | Reached XP level 8. HP: 32/49 MP: 8/8
  4931 | D:5      | 4931 ||| DRINKING 2 black potions.
  5035 | D:5      | 5035 ||| DRINKING 2 metallic silvery potions.
  5036 | D:5      | 5036 ||| DROPPING potion of berserk rage.
  5037 | D:5      | 5037 ||| DROPPING potion of flight.
  5058 | D:6      | Found an ornate altar of the Wu Jian Council.
  5076 | D:6      | Reached skill level 8 in Axes
  5077 | D:6      | 5077 ||| FLEEEEING.
  5078 | D:6      | 5078 ||| FLEEEEING.
  5079 | D:6      | 5079 ||| STAIRDANCE
  5167 | D:6      | 5167 ||| STAIRDANCE
  5170 | D:5      | HP: 12/49 [ogre/+0 giant club (8)]
  5171 | D:5      | 5171 ||| READING 5 scrolls of teleportation.
  5172 | D:5      | Mangled by an ogre

Levels and vault maps discovered:
D:1:      saegor_arrival_under_anarchy, layout_basic, serial_shops, shop,
          minmay_rat_gold_closets
D:2:      layout_basic
D:3:      layout_loops_cross, general_overflow_altar,
          nicolae_kikubaaqudgha_miasma_corner, minmay_lizard_king
D:4:      layout_basic, mainiacjoe_overflow_six_doors_small,
          fiery_altar_vehumet, uniq_blork_the_orc
D:5:      layout_basic, mainiacjoe_overflow_alcove_2,
          nicolae_tso_besieged_by_evil, minmay_temple_entry_offerings,
          serial_shops, nicolae_shop_crystal
D:6:      layout_basic, mainiacjoe_overflow_concentric_impassable,
          mainiacjoe_overflow_swirl, nicolae_uskayaw_dance_hall
Temple:   hellmonk_temple_flake

Skill      XL: |  1  2  3  4  5  6  7  8 |
---------------+-------------------------+-----
Axes           | 2 3 4 5 7 8 |  8.0
Dodging        | 1 |  1.6
Fighting       | 4 5 |  5.1
Armour         | |  3.2
Shields        | |  3.2

Action                     |  1- 3 |  4- 6 |  7- 9 || total
---------------------------+-------+-------+-------++-------
  Melee: War axe           |   100 |   187 |       ||   287
         Broad axe         |       |    17 |   106 ||   123
    Use: Scroll            |     2 |     9 |     1 ||    12
         Potion            |       |       |     2 ||     2
 Armour: Scale mail        |    41 |    10 |       ||    51
         Chain mail        |       |    83 |    83 ||   166
  Dodge: Dodged            |    47 |    77 |    56 ||   180
  Block: Buckler           |     6 |    33 |    42 ||    81

Table legend:
 A = Non-vault XP
 B = Vault XP
 C = Vault XP percentage of total XP
 D = Non-vault monster count
 E = Vault monster count
 F = Vault count percentage of total count
                 A         B        C        D         E       F
            +---------+---------+-------+---------+---------+-------
      Total |    1458 |     118 |   7.5 |     113 |      25 |  18.1
            +---------+---------+-------+---------+---------+-------
        D:1 |      38 |       6 |  13.6 |      22 |       6 |  21.4
        D:2 |      64 |       0 |   0.0 |      15 |       0 |   0.0
        D:3 |     140 |       7 |   4.8 |      22 |       7 |  24.1
        D:4 |     263 |      85 |  24.4 |      28 |       1 |   3.4
        D:5 |     662 |      20 |   2.9 |      19 |      11 |  36.7
        D:6 |     291 |       0 |   0.0 |       7 |       0 |   0.0
            +---------+---------+-------+---------+---------+-------
